 Dungeon Crawl Stone Soup version 0.24-a0-230-g536ed4e33c (webtiles) character file.

Game seed: 15641533439909949610

190 Esekla the Slasher (level 5, -1/38 HPs)
             Began as a Vampire Skald on Apr 2, 2019.
             Slain by a gnoll
             ... wielding a cursed -1 spear
              (3 damage)
             ... on level 3 of the Dungeon.
             The game lasted 00:22:03 (3188 turns).

Esekla the Slasher (Vampire Skald)                  Turns: 3188, Time: 00:22:04

Health: -1/38      AC:  3    Str: 10    XL:     5   Next: 41%
Magic:  7/8        EV: 13    Int: 15    God:
Gold:   80         SH:  0    Dex: 15    Spells: 0/8 levels left

rFire    . . .     SeeInvis +   a - +0 falchion
rCold    + . .     Gourm    .   (no shield)
rNeg     + + .     Faith    .   b - +0 leather armour
rPois    +         Spirit   .   (no helmet)
rElec    .         Reflect  .   (no cloak)
rCorr    .         Harm     .   (no gloves)
MR       .....                  (no boots)
Stlth    ++........             (no amulet)
HPRegen  0.06/turn              (no ring)
MPRegen  0.11/turn              (no ring)

@: infused, regenerating slowly
A: fangs 3, see invisible, unbreathing
a: Bat Form


You were on level 3 of the Dungeon.
You were thirsty.

You visited 1 branch of the dungeon, and saw 3 of its levels.

You collected 80 gold pieces.

Inventory:

Hand Weapons
 a - a +0 falchion (weapon)
 o - a +0 dagger of venom
Missiles
 e - 2 javelins (quivered)
Armour
 b - a +0 leather armour (worn)
 j - a +0 buckler
Wands
 s - a wand of iceblast (7)
Scrolls
 c - 5 scrolls of remove curse
 h - 2 scrolls of teleportation {unknown}
 i - a scroll of immolation {unknown}
 m - a scroll of noise {unknown}
Potions
 d - 16 potions of blood
 g - a potion of haste
 k - a potion of flight {unknown}
 l - a potion of ambrosia {unknown}
 n - a potion of mutation {unknown}
 p - a potion of curing {unknown}
 q - a potion of lignification {unknown}
 r - a potion of degeneration {unknown}
 t - a potion of berserk rage


   Skills:
 - Level 2.0 Fighting
 + Level 0.2(3.3) Short Blades
 * Level 4.9 Long Blades
 + Level 1.6 Armour
 + Level 2.9 Dodging
 - Level 2.0 Spellcasting
 - Level 3.2 Charms


You couldn't memorise any spells.
You knew the following spells:

 Your Spells              Type           Power        Failure   Level  Hunger
a - Infusion              Chrm           ##..         8%          1    #......
b - Shroud of Golubria    Chrm/Tloc      #.........   22%         2    ###....
c - Song of Slaying       Chrm           ##......     12%         2    ###....
e - Regeneration          Chrm/Necr      #.........   41%         3    ###....

Your spell library contained the following spells:

 Spells                   Type           Power        Failure   Level  Hunger
 Spectral Weapon          Hex/Chrm       #.......     41%         3    ###....


Dungeon Overview and Level Annotations

Branches:
Dungeon (3/15)

Altars:
Kikubaaqudgha
Trog


Innate Abilities, Weirdness & Mutations

You heal slowly.
You have razor-sharp teeth.
You have supernaturally acute eyesight. (SInv)
You can survive without breathing.


Message History

You begin infusing your attacks with magical energy.
The gnoll shouts!
The gnoll shouts!
The gnoll hits you with a +0 halberd!
You hit the gnoll.
The gnoll is moderately wounded.
The gnoll hits you with a +0 halberd!
You barely miss the gnoll.
The gnoll is moderately wounded.
The gnoll misses you.
You barely miss the gnoll. Your bite misses the gnoll.
The gnoll is moderately wounded.
The gnoll hits you with a +0 halberd!
* * * LOW HITPOINT WARNING * * *
The gnoll hits you from afar with a cursed -1 spear.
* * * LOW HITPOINT WARNING * * *
The gnoll misses you.
You fail to use your ability.
The gnoll hits you from afar with a cursed -1 spear.
You die...

#################
................#
###############.##
#..# ##.# #.# #.#
#.# #@# #.# ###
##g## ###
##...##.g.##...##
#>.⌠..'.⌠.'..⌠.>#
##...##...##...##
### ##)## ###
##.## #...###


You could see 2 gnolls.

Vanquished Creatures
  A hound (D:3)
  Jessica (D:2)
  A gnoll (D:3)
  4 adders (D:3)
  5 worms
  A dart slug (D:1)
  4 leopard geckos
  2 orcs (D:3)
  3 giant cockroaches
  5 goblins
  7 hobgoblins
  10 jackals
  5 kobolds
  A quokka (D:3)
  7 bats
  A frilled lizard (D:3)
  7 rats
65 creatures vanquished.

Notes
Turn   | Place    | Note
-------+----------+-------------------------------------------
     0 | D:1      | Esekla the Vampire Skald began the quest for the Orb.
     0 | D:1      | Reached XP level 1. HP: 16/16 MP: 3/3
   232 | D:1      | Reached XP level 2. HP: 22/22 MP: 0/5
   241 | D:1      | Learned a level 2 spell: Shroud of Golubria
   245 | D:1      | Learned a level 2 spell: Song of Slaying
   640 | D:1      | Reached skill level 1 in Armour
   859 | D:2      | Reached skill level 3 in Long Blades
   880 | D:2      | Reached XP level 3. HP: 23/27 MP: 3/6
  1294 | D:2      | Noticed Jessica
  1301 | D:2      | Killed Jessica
  1484 | D:2      | Reached XP level 4. HP: 33/33 MP: 7/7
  1516 | D:2      | Noticed a moth of wrath
  1519 | D:2      | Found a bloodstained altar of Trog.
  2035 | D:3      | Reached skill level 4 in Long Blades
  2290 | D:3      | Reached XP level 5. HP: 38/38 MP: 4/8
  2495 | D:3      | Found an ancient bone altar of Kikubaaqudgha.
  2996 | D:3      | Learned a level 3 spell: Regeneration
  3188 | D:3      | Slain by a gnoll

Levels and vault maps discovered:
D:1:      dpeg_arrival_central, layout_basic, st_stairs_12,
          hangedman_feature_mirror, grunt_decor_arrowhead
D:2:      layout_basic, tgw_trog, uniq_jessica
D:3:      layout_rooms, old_standard_altar, first_ration,
          chequers_serial_rivers_room_a, grunt_ministairs_5

Skill      XL: |  1  2  3  4 |
---------------+-------------+-----
Fighting       | 2 |  2.0
Armour         | 1 |  1.6
Long Blades    | 3 4 |  4.9
Short Blades   | |  0.2
Dodging        | |  2.9
Spellcasting   | |  2.0
Charms         | |  3.2

Action                   |  1- 3 |  4- 6 || total
-------------------------+-------+-------++-------
Melee: Falchion          |    84 |    98 ||   182
       Bite              |     9 |    18 ||    27
       Dagger            |     1 |     2 ||     3
Throw: Javelin           |     1 |       ||     1
 Cast: Infusion          |     4 |     6 ||    10
       Song of Slaying   |     3 |     4 ||     7
       Shroud of Golubri |       |     5 ||     5
 Abil: End Transformatio |       |     1 ||     1
       Bat Form          |       |     1 ||     1
  Use: Potion            |     1 |     5 ||     6
       Scroll            |       |     3 ||     3
 Stab: Sleeping          |     7 |     2 ||     9
Armor: Leather armour    |    22 |    18 ||    40
Dodge: Dodged            |    54 |    65 ||   119
       Rpst.: Falchion   |    15 |    25 ||    40

Table legend:
 A = Non-vault XP
 B = Vault XP
 C = Vault XP percentage of total XP
 D = Non-vault monster count
 E = Vault monster count
 F = Vault count percentage of total count
                 A         B        C        D         E       F
            +---------+---------+-------+---------+---------+-------
      Total |     181 |      91 |  33.5 |      53 |      12 |  18.5
            +---------+---------+-------+---------+---------+-------
        D:1 |      29 |       8 |  21.6 |      16 |       4 |  20.0
        D:2 |      24 |      54 |  69.2 |      14 |       6 |  30.0
        D:3 |     128 |      29 |  18.5 |      23 |       2 |   8.0
            +---------+---------+-------+---------+---------+-------
